 Dungeon Crawl Stone Soup version 0.21.1-1-g345015f (webtiles) character file.

119 Hasart the Covered (level 4, -4/40 HPs)
             Began as a Minotaur Fighter on Mar 29, 2018.
             Killed from afar by an orc wizard (11 damage)
             ... with a magic dart
             ... on level 3 of the Dungeon.
             The game lasted 00:04:08 (2588 turns).

Hasart the Covered (Minotaur Fighter)               Turns: 2588, Time: 00:04:09

Health: -4/40      AC:  7    Str: 22    XL:     4   Next: 74%
Magic:  3/3        EV:  8    Int:  5    God:
Gold:   122        SH:  9    Dex:  9    Spells: 3/3 levels left

rFire    . . .     SeeInvis .   a - +0 war axe
rCold    . . .     Gourm    .   c - +0 shield
rNeg     . . .     Faith    .   b - +0 scale mail
rPois    .         Spirit   .   (helmet restricted)
rElec    .         Reflect  .   (no cloak)
rCorr    .         Harm     .   (no gloves)
MR       .....                  (no boots)
Stlth    ..........             (no amulet)
HPRegen  0.13/turn              (no ring)
MPRegen  0.08/turn              (no ring)

@: no status effects
A: retaliatory headbutt, horns 2
a: no special abilities


You were on level 3 of the Dungeon.
You were not hungry.

You visited 1 branch of the dungeon, and saw 3 of its levels.

You collected 122 gold pieces.

Inventory:

Hand Weapons
 a - a +0 war axe (weapon)
Armour
 b - a +0 scale mail (worn)
 c - a +0 shield (worn)
Scrolls
 e - a scroll of remove curse {unknown}
 j - a scroll of identify {unknown}
 k - a scroll of amnesia {unknown}
 l - a scroll of magic mapping {unknown}
Potions
 d - a potion of might
 h - a potion of curing
 i - 2 potions of heal wounds {unknown}
Comestibles
 f - 5 rations
 g - 6 chunks of flesh


   Skills:
 + Level 4.3 Fighting
 * Level 4.0 Axes
 + Level 4.3 Armour
 + Level 1.6 Dodging
 + Level 4.3 Shields


You had 3 spell levels left.
You didn't know any spells.

Dungeon Overview and Level Annotations

Branches:
Dungeon (3/15)

Altars:
Ashenzari
Gozag
Nemelex Xobeh


Innate Abilities, Weirdness & Mutations

You reflexively headbutt those who attack you in melee.
You have a pair of horns on your head.


Message History

The orc wizard is severely wounded.
The orc wizard hits you with a dagger.
* * * LOW HITPOINT WARNING * * *
The orc wizard hits you with a dagger.
* * * LOW HITPOINT WARNING * * *
Unknown command.
It was a potion of curing.
You feel better.
The orc wizard gestures wildly while chanting.
The orc wizard blinks!
You block the orc wizard's attack.
You barely miss the orc wizard. You headbutt the orc wizard.
The orc wizard is almost dead.
You block the orc wizard's attack.
The orc wizard gestures wildly while chanting.
The orc wizard blinks!
The orc wizard mumbles some strange words.
The orc wizard blinks!
The orc wizard casts a spell at you. The magic dart hits you!
You die...

#.# ##..⌠..## #.# #.......#
#####.# ###.)._...#
##...#.###########.))8...8.#
...................#..._...#
.##.##..###........#.......#
.#.#†#..# #........##..⌠..##
.#.(.#..###.........##...##
.#...#..........@....#####
.##.##...##..............
...#....########.......#
##......# #).o....#
......### #.......# #######
#.......# #.......#
#.......# #.........


You could see an orc wizard.

Vanquished Creatures
  6 adders
  A worm (D:3)
  2 dart slugs
  A leopard gecko (D:2)
  3 orcs (D:3)
  A ball python (D:1)
  4 giant cockroaches
  8 goblins
  7 hobgoblins
  6 bats
  4 frilled lizards
  8 kobolds
  4 rats
55 creatures vanquished.

Notes
Turn   | Place    | Note
-------+----------+-------------------------------------------
     0 | D:1      | Hasart the Minotaur Fighter began the quest for the Orb.
     0 | D:1      | Reached XP level 1. HP: 19/19 MP: 0/0
    97 | D:1      | Reached XP level 2. HP: 27/27 MP: 1/1
  1053 | D:2      | Reached XP level 3. HP: 33/33 MP: 2/2
  1153 | D:2      | Reached skill level 1 in Dodging
  1561 | D:2      | Reached XP level 4. HP: 40/40 MP: 3/3
  1998 | D:2      | Found a shattered altar of Ashenzari.
  2567 | D:3      | Found an opulent altar of Gozag.
  2568 | D:3      | Found a sparkling altar of Nemelex Xobeh.
  2582 | D:3      | HP: 1/40 [orc wizard/dagger (3)]
  2588 | D:3      | Killed from afar by an orc wizard

Skill      XL: |  1  2  3  4 |
---------------+-------------+-----
Axes           | 3 4 |  4.0
Armour         | 4 |  4.3
Dodging        | 1 |  1.6
Shields        | 4 |  4.3
Fighting       | 4 |  4.3

Action                   |  1- 3 |  4- 6 || total
-------------------------+-------+-------++-------
Melee: War axe           |    81 |    65 ||   146
       Headbutt          |    10 |     9 ||    19
  Use: Potion            |       |     1 ||     1
  Eat: Chunk             |     2 |     3 ||     5
Armor: Scale mail        |    41 |    27 ||    68
Dodge: Dodged            |    17 |    24 ||    41
Block: Shield            |    43 |    33 ||    76
